 Dungeon Crawl Stone Soup version 0.19-a0-929-g333bac9 (webtiles) character file.

382 Herrn the Firebug (level 6, -3/55 HPs)
             Began as a Naga Fire Elementalist on July 7, 2016.
             Slain by Grinder (4 damage)
             ... while paralysed by Grinder
             ... on level 4 of the Dungeon.
             The game lasted 00:12:16 (2703 turns).

Herrn the Firebug (Naga Fire Elementalist)          Turns: 2703, Time: 00:12:17

Health: -3/55      AC:  4    Str:  8 (10) XL:     6   Next: 76%
Magic:  10/10      EV:  1    Int: 20 (23) God:
Gold:   168        SH:  0    Dex: 11 (12) Spells: 1 memorised, 10 levels left

rFire  . . .     SeeInvis +     y - +1 flail (holy)
rCold  . . .     Gourm    .     a - +0 robe
rNeg   . . .     Faith    .     (no shield)
rPois  +         Spirit   .     (no helmet)
rElec  .         Dismiss  .     k - +0 cloak
rCorr  +         Reflect  .     (no gloves)
SustAt .         Harm     .     (no barding)
MR     .....                    E - amulet of regeneration
Stlth  +.........               D - +6 ring of intelligence
                                j - ring of resist corrosion

@: paralysed, very heavily drained, very slow, not resistant to hostile
enchantments, very unstealthy
A: see invisible, deformed body, poison resistance, slowness 2, slow metabolism
1, spit poison 2, AC +2
a: Spit Poison


You were on level 4 of the Dungeon.
You were hungry.

You visited 1 branch of the dungeon, and saw 4 of its levels.

You collected 168 gold pieces.

Inventory:

Hand Weapons
 y - a +1 flail of holy wrath (weapon)
 B - a +0 war axe
 H - a +1 vampiric war axe
Armour
 a - a +0 robe (worn)
 k - a +0 cloak (worn)
Jewellery
 j - a ring of resist corrosion (left hand)
 C - an uncursed amulet of harm
 D - a +6 ring of intelligence (right hand)
 E - an amulet of regeneration (around neck)
Wands
 J - a wand of confusion (21/48)
Scrolls
 d - 5 scrolls of remove curse {unknown}
 g - 2 scrolls of enchant weapon {unknown}
 h - 9 scrolls of identify {unknown}
 p - a scroll of noise {unknown}
 q - a scroll of random uselessness {unknown}
 t - a scroll of enchant armour {unknown}
 x - a scroll of fear {unknown}
 z - a scroll of magic mapping {unknown}
 I - a scroll of fog {unknown}
Potions
 e - 3 potions of curing
 f - 2 potions of brilliance
 i - a potion of degeneration
 l - a potion of mutation {unknown}
 r - a potion of agility
 v - a potion of resistance
Books
 b - a book of Flames

   Spells                             Type                      Level
   a - Flame Tongue                   Conjuration/Fire             1
   b - Throw Flame                    Conjuration/Fire             2
   c - Conjure Flame                  Conjuration/Fire             3
   d - Inner Flame                    Hexes/Fire                   3
   e - Sticky Flame                   Conjuration/Fire             4
   f - Fireball                       Conjuration/Fire             5
Comestibles
 c - 3 bread rations
 o - a slice of pizza
 s - 2 beef jerkies
 u - 3 meat rations
 A - 2 fruits


   Skills:
 * Level 2.6(0.0) Fighting
 * Level 1.9(0.0) Axes
 + Level 2.5(0.0) Dodging
 - Level 3.0(0.0) Stealth
 + Level 3.0(0.0) Spellcasting
 + Level 2.2(0.0) Conjurations
 + Level 4.6(1.1) Fire Magic


You had 10 spell levels left.
You knew the following spells:

 Your Spells              Type           Power        Failure   Level  Hunger
a - Flame Tongue          Conj/Fire      #....        17%         1    ##.....


Dungeon Overview and Level Annotations

Branches:
Dungeon (4/15)
 Temple: D:4-7

Altars:
Fedhas
Kikubaaqudgha
Makhleb
Vehumet

Annotations:
D:4 Edmund, Grinder, Natasha


Innate Abilities, Weirdness & Mutations

You cannot wear boots.
Your serpentine skin is tough. (AC +2)
You have supernaturally acute eyesight. (SInv)
Armour fits poorly on your strangely shaped body.
Your system is resistant to poisons. (rPois)
You cover ground very slowly.
You have a slow metabolism.
You can spit poison.


Message History

Edmund hits you with a flail of draining.
* * * LOW HITPOINT WARNING * * *
You feel drained.
Unknown command.
You hit Edmund.
Edmund is heavily wounded.
Grinder says, "You look like you could use a good racking."
Grinder misses you.
Edmund hits you with a flail of draining!
* * * LOW HITPOINT WARNING * * *
You feel drained.
* * * LOW HITPOINT WARNING * * *
Grinder gestures at you.
You suddenly lose the ability to move!
Edmund hits you with a flail of draining.
* * * LOW HITPOINT WARNING * * *
You feel drained. Grinder hits you.
* * * LOW HITPOINT WARNING * * *
You writhe in agony.
You die...

#### #.># #..# #
########..# ##..#
####........5#######....#
#.......####.@@........#
#.##.##.# ########.....#
#.##.##.# .###.#
#.......# # .# ##
#.#.##.<# .. .#
..##.#.##..#.. ..
............ ##
).##.##.#.##. # #.......#


You could see Edmund and Grinder.

Vanquished Creatures
  A centaur (D:4)
  Blork the orc (D:4)
  2 orc priests
  Ijyb (D:3)
  Natasha (D:4)
  4 gnolls (D:2)
  3 adders
  A dart slug (D:1)
  A giant gecko (D:2)
  14 orcs
  3 giant cockroaches
  6 goblins
  3 hobgoblins
  4 kobolds
  A quokka (D:3)
  7 bats
  3 giant newts
  6 rats
62 creatures vanquished.

Notes
Turn   | Place    | Note
-------+----------+-------------------------------------------
     0 | D:1      | Herrn the Naga Fire Elementalist began the quest for the Orb.
     0 | D:1      | Reached XP level 1. HP: 15/15 MP: 3/3
   151 | D:1      | Reached XP level 2. HP: 24/24 MP: 5/5
   702 | D:2      | Reached skill level 1 in Fighting
   702 | D:2      | Reached XP level 3. HP: 31/31 MP: 3/6
   729 | D:2      | Found a radiant altar of Vehumet.
  1064 | D:2      | Reached XP level 4. HP: 30/38 MP: 4/7
  1100 | D:2      | Reached skill level 4 in Fire Magic
  1596 | D:3      | Noticed Ijyb
  1614 | D:3      | Killed Ijyb
  1614 | D:3      | Reached skill level 1 in Axes
  1614 | D:3      | Reached XP level 5. HP: 32/45 MP: 3/9
  2049 | D:3      | Found a burning altar of Makhleb.
  2086 | D:4      | Found an ancient bone altar of Kikubaaqudgha.
  2362 | D:4      | Noticed a centaur
  2433 | D:4      | Killed a centaur
  2433 | D:4      | Reached XP level 6. HP: 46/55 MP: 5/10
  2479 | D:4      | Found a blossoming altar of Fedhas.
  2499 | D:4      | Noticed Natasha
  2508 | D:4      | Killed Natasha
  2578 | D:4      | Noticed Natasha
  2592 | D:4      | Noticed Blork the orc
  2608 | D:4      | Killed Blork the orc
  2657 | D:4      | Noticed Edmund
  2667 | D:4      | Noticed Grinder
  2702 | D:4      | Paralysed by Grinder for 2 turns
  2703 | D:4      | HP: 2/55 [Edmund/flail of draining (5)]
  2703 | D:4      | Slain by Grinder

Vault maps used:
D:1:      dpeg_arrival_tiny_a, minmay_domino_4
D:2:      vehumet_crystals, first_bread, kennysheep_pointless_box
D:3:      lightli_temple_of_fire, uniq_iyjb
D:4:      fedhas_bush_and_centaur_altar, kiku_gazebo_pond_becter,
          elyvilon_altar_3, uniq_grinder, uniq_blork_the_orc, uniq_edmund,
          uniq_natasha

Skill      XL: |  1  2  3  4  5  6 |
---------------+-------------------+-----
Fighting       | 1 2 |  2.6
Dodging        | 2 |  2.5
Fire Magic     | 4 |  4.6
Axes           | 1 |  1.9
Conjurations   | 2 |  2.2
Spellcasting   | 3 |  3.0
Stealth        | |  3.0

Action                   |  1- 3 |  4- 6 || total
-------------------------+-------+-------++-------
Melee: Unarmed           |     1 |       ||     1
       Flail             |       |    31 ||    31
 Cast: Flame Tongue      |    17 |    48 ||    65
 Abil: Spit Poison       |    28 |    52 ||    80
  Use: Potion            |       |    10 ||    10
  Eat: Chunk             |     2 |     7 ||     9
Armor: Robe              |     2 |    13 ||    15
       Skin              |       |    20 ||    20
Dodge: Dodged            |     9 |    24 ||    33
